 Dungeon Crawl Stone Soup version 0.21-a0-531-gacddea6 (webtiles) character file.

110 AverageBear the Cutter (level 4, 0/27 HPs)
             Began as a Deep Elf Fighter on Dec 12, 2017.
             Slain by an orc wizard
             ... wielding a +0 dagger
              (2 damage)
             ... on level 2 of the Dungeon.
             The game lasted 00:02:02 (1366 turns).

AverageBear the Cutter (Deep Elf Fighter)           Turns: 1366, Time: 00:02:03

Health: 0/27       AC:  4    Str: 19    XL:     4   Next: 61%
Magic:  6/6        EV:  8    Int: 13    God:
Gold:   79         SH:  9    Dex: 14    Spells: 3/3 levels left

rFire    . . .     SeeInvis .   a - +0 rapier
rCold    . . .     Gourm    .   c - +0 shield
rNeg     . . .     Faith    .   j - +0 troll leather armour
rPois    .         Spirit   .   (no helmet)
rElec    +         Reflect  .   (no cloak)
rCorr    .         Harm     .   (no gloves)
MR       .....                  (no boots)
Stlth    +.........             (no amulet)
HPRegen  0.49/turn              (no ring)
MPRegen  0.10/turn              (no ring)

@: mighty
A: screaming 1, electricity resistance
a: no special abilities


You were on level 2 of the Dungeon.
You were not hungry.

You visited 1 branch of the dungeon, and saw 3 of its levels.

You collected 79 gold pieces.

Inventory:

Hand Weapons
 a - a +0 rapier (weapon)
Armour
 b - a +0 scale mail
 c - a +0 shield (worn)
 j - a +0 troll leather armour (worn)
Wands
 h - a wand of enslavement (18)
Scrolls
 e - a scroll of remove curse {unknown}
 i - a scroll of teleportation
 k - a scroll of magic mapping {unknown}
 l - a scroll of enchant weapon {unknown}
Comestibles
 f - 2 bread rations
 g - 11 chunks of flesh


   Skills:
 - Level 2.4 Fighting
 + Level 4.9 Short Blades
 - Level 2.4 Armour
 - Level 2.4 Shields


You had 3 spell levels left.
You didn't know any spells.

Dungeon Overview and Level Annotations

Branches:
Dungeon (3/15)

Altars:


Innate Abilities, Weirdness & Mutations

You occasionally shout uncontrollably at your foes.
You are resistant to electric shocks. (rElec)


Message History

a club; a scroll labeled ECOKOMMEON; a hobgoblin corpse You block the orc's attack.
The orc wizard mumbles some strange words.
The orc wizard seems to speed up.
The orc closely misses you.
You climb upwards.
There is a stone staircase leading down here.
You feel very mighty all of a sudden. You block the orc wizard's attack.
The orc priest hits you with a whip.
* * * LOW HITPOINT WARNING * * *
You block the orc's attack.
The orc wizard hits you but does no damage.
Your shield prevents you from hitting the orc priest.
The orc wizard misses you. You block the orc priest's attack.
The orc closely misses you.
The orc wizard hits you but does no damage.
The orc priest barely misses you.
You hit the orc priest.
The orc priest is moderately wounded.
The orc wizard hits you with a dagger.
You die...

...##...........).#.....g...#....
######............#.)...g...##...
#...........(#........g.(...
#............#####.#######..
#####........# #.# ####...
#..).....## #.# #...>.#
#.........## #.###.##.##
#.....oo...###........#.
#.....o@.#......##.####.
#########....#.....# #.
###..##.#....## ##.
#######...###.#.....###..
#.......####.........##.#
#......###...........##.#
#......###.###.......#..#
#..........# ##.....##.##
#......##### ##.....#..##


You could see an orc priest, an orc wizard and an orc.

Vanquished Creatures
  A hound zombie (D:3)
  2 adders
  2 oozes
  A worm (D:3)
  2 dart slugs
  4 ball pythons
  4 bats
  6 goblins
  9 hobgoblins
  4 jackals (D:3)
  6 kobolds
  3 quokkas
  9 frilled lizards
  7 rats
60 creatures vanquished.

Notes
Turn   | Place    | Note
-------+----------+-------------------------------------------
     0 | D:1      | AverageBear the Deep Elf Fighter began the quest for the Orb.
     0 | D:1      | Reached XP level 1. HP: 13/13 MP: 3/3
   234 | D:1      | Reached XP level 2. HP: 17/18 MP: 4/4
   288 | D:1      | Reached skill level 3 in Short Blades
   391 | D:1      | Reached XP level 3. HP: 18/22 MP: 5/5
   631 | D:2      | Gained mutation: You occasionally shout uncontrollably at your foes. [potion of mutation]
   631 | D:2      | Gained mutation: You are resistant to electric shocks. (rElec) [potion of mutation]
   662 | D:2      | Reached skill level 4 in Short Blades
   799 | D:2      | Reached XP level 4. HP: 15/27 MP: 6/6
  1095 | D:1      | You fall through a shaft!
  1364 | D:2      | HP: 1/27 [orc priest/whip (4)]
  1366 | D:2      | Slain by an orc wizard

Vault maps used:
D:1:      minmay_arrival_widening_spiral_wide
D:2:      tso_metal_star
D:3:      grunt_ministairs_15

Skill      XL: |  1  2  3 |
---------------+----------+-----
Short Blades   | 3 4 |  4.9
Fighting       | |  2.4
Armour         | |  2.4
Shields        | |  2.4

Action                   |  1- 3 |  4- 6 || total
-------------------------+-------+-------++-------
Melee: Rapier            |   156 |    92 ||   248
  Use: Scroll            |     2 |     1 ||     3
       Potion            |     1 |     3 ||     4
  Eat: Chunk             |       |     2 ||     2
Armor: Scale mail        |    79 |     2 ||    81
       Troll leather arm |       |    23 ||    23
Dodge: Dodged            |    46 |    50 ||    96
Block: Shield            |    83 |    63 ||   146

Table legend:
 A = Spawn XP
 B = Non-spawn XP
 C = Spawn XP percentage of total XP
 D = Spawn monster count
 E = Non-spawn monster count
 F = Spawn count percentage of total count
 G = Total turns spent on level
                    A         B        C        D         E        F      G
               +---------+---------+-------+---------+---------+-------+---------
         Total |       0 |     158 |   0.0 |       0 |      60 |   0.0 |  1366
               +---------+---------+-------+---------+---------+-------+---------
           D:1 |       0 |      51 |   0.0 |       0 |      28 |   0.0 |   851
           D:2 |       0 |      47 |   0.0 |       0 |      17 |   0.0 |   310
           D:3 |       0 |      60 |   0.0 |       0 |      15 |   0.0 |   205
               +---------+---------+-------+---------+---------+-------+---------
